 Dungeon Crawl Stone Soup version 0.22-a0-448-g1fb7470 (webtiles) character file.

32 pk666 the Firebug (level 3, -5/19 HPs)
             Began as a Deep Elf Fire Elementalist on June 5, 2018.
             Killed from afar by Sigmund (7 damage)
             ... with a puff of flame
             ... on level 2 of the Dungeon.
             The game lasted 00:02:51 (1222 turns).

pk666 the Firebug (Deep Elf Fire Elementalist)      Turns: 1222, Time: 00:02:51

Health: -5/19      AC:  2    Str:  5    XL:     3   Next: 8%
Magic:  0/9        EV: 13    Int: 20    God:
Gold:   95         SH:  0    Dex: 15    Spells: 4/8 levels left

rFire    . . .     SeeInvis .   (no weapon)
rCold    . . .     Gourm    .   (no shield)
rNeg     . . .     Faith    .   a - +0 robe
rPois    .         Spirit   .   (no helmet)
rElec    .         Reflect  .   (no cloak)
rCorr    .         Harm     .   (no gloves)
MR       .....                  (no boots)
Stlth    ++........             (no amulet)
HPRegen  0.06/turn              g - ring of stealth
MPRegen  0.11/turn              (no ring)

@: confused
A: no striking features
a: no special abilities


You were on level 2 of the Dungeon.
You were hungry.

You visited 1 branch of the dungeon, and saw 2 of its levels.

You collected 95 gold pieces.

Inventory:

Armour
 a - a +0 robe (worn)
Jewellery
 b - an uncursed ring of ice
 g - a ring of stealth (left hand)
Scrolls
 e - a scroll of enchant weapon {unknown}
 f - a scroll of amnesia {unknown}
 h - a scroll of fear {unknown}
 j - a scroll of remove curse {unknown}
Potions
 d - 3 potions of curing {unknown}
 i - a potion of brilliance {unknown}
 k - a potion of might {unknown}
Comestibles
 c - 4 rations


   Skills:
 + Level 2.9 Dodging
 - Level 2.4 Stealth
 + Level 3.4 Spellcasting
 * Level 2.2 Conjurations
 + Level 3.6 Fire Magic


You had 4 spell levels left.
You knew the following spells:

 Your Spells              Type           Power        Failure   Level  Hunger
a - Flame Tongue          Conj/Fire      ###..        4%          1    None
c - Conjure Flame         Conj/Fire      ###.....     12%         3    ###....

Your spell library contained the following spells:

 Spells                   Type           Power        Failure   Level  Hunger
 Fireball                 Conj/Fire      ###.......   75%         5    ######.
 Throw Flame              Conj/Fire      ###...       6%          2    ##.....
 Sticky Flame             Conj/Fire      ###.....     38%         4    ####...
 Inner Flame              Hex/Fire       ##......     19%         3    ###....


Dungeon Overview and Level Annotations

Branches:
Dungeon (2/15)

Altars:

Annotations:
D:2 Sigmund


Message History

You resist with some effort.
Casting: Flame Tongue (safe; 4% risk of failure)
Confirm with . or Enter, or press ? or * to list all spells.
Aiming: Flame Tongue (safe; 4% risk of failure)
Press: ? - help, Shift-Dir - straight line, f/p - Sigmund
Aim: Sigmund, wielding an enchanted scythe and wearing a robe (severely wounded)
The flame tongue hits Sigmund.
Sigmund is almost dead.
Sigmund says, "I'm your fate." Sigmund gestures at you while chanting.
The magic dart hits you!
* * * LOW HITPOINT WARNING * * *
Sigmund casts a spell at you.
You are confused.
Found a scroll labeled KINEFE BYORIXU.
You bump into the rock wall.
Sigmund says, "Don't worry, I'll kill you fast."
Sigmund casts a spell at you. The puff of flame hits you!
You die...

## ..
########.####
............##
......$......#
.............#
.?...........#
####@## .#
#.....# .######
#.##..###.......
#.#.............
#.#.@.###.......
##### #.#...#
...[... #...#
###.###.#
....... #...#
#.#.†.#.#
....... #...#
#.###.#..
.....##


You could see Sigmund.

Vanquished Creatures
  An ooze (D:1)
  A dart slug (D:1)
  A leopard gecko (D:1)
  5 hobgoblins (D:1)
  A bat (D:1)
  4 frilled lizards
  2 goblins (D:1)
  7 kobolds
  A rat (D:1)
23 creatures vanquished.

Vanquished Creatures (others)
  4 toadstools (D:1)
4 creatures vanquished.

Grand Total: 27 creatures vanquished

Notes
Turn   | Place    | Note
-------+----------+-------------------------------------------
     0 | D:1      | pk666 the Deep Elf Fire Elementalist began the quest for the Orb.
     0 | D:1      | Reached XP level 1. HP: 10/10 MP: 6/6
   461 | D:1      | Reached XP level 2. HP: 15/15 MP: 2/8
   780 | D:1      | Reached XP level 3. HP: 6/19 MP: 1/9
  1141 | D:2      | Learned a level 3 spell: Conjure Flame
  1193 | D:2      | Noticed Sigmund
  1222 | D:2      | Killed from afar by Sigmund

Vault maps used:
D:1:      ldierk_water_garden, minmay_strange_pillars
D:2:      chequers_temple_overflow_statue_of_worship, first_ration, uniq_robin,
          uniq_sigmund

Skill      XL: |  1  2 |
---------------+-------+-----
Conjurations   | 2 |  2.2
Dodging        | |  2.9
Stealth        | |  2.4
Spellcasting   | |  3.4
Fire Magic     | |  3.6

Action                   || total
-------------------------++-------
 Cast: Flame Tongue      ||    46
       Conjure Flame     ||     1
Armor: Robe              ||     1
Dodge: Dodged            ||     3

Table legend:
 A = Spawn XP
 B = Non-spawn XP
 C = Spawn XP percentage of total XP
 D = Spawn monster count
 E = Non-spawn monster count
 F = Spawn count percentage of total count
 G = Total turns spent on level
                    A         B        C        D         E        F      G
               +---------+---------+-------+---------+---------+-------+---------
         Total |       0 |      46 |   0.0 |       0 |      23 |   0.0 |  1222
               +---------+---------+-------+---------+---------+-------+---------
           D:1 |       0 |      41 |   0.0 |       0 |      20 |   0.0 |  1100
           D:2 |       0 |       5 |   0.0 |       0 |       3 |   0.0 |   122
               +---------+---------+-------+---------+---------+-------+---------
